 Dungeon Crawl Stone Soup version 0.22.1-2-g9c5b331 (webtiles) character file.

1212 Fang the Chopper (level 8, -2/49 HPs)
             Began as a Gargoyle Berserker on Nov 19, 2018.
             Was an Elder of Trog.
             Slain by a bullfrog (3 damage)
             ... on level 6 of the Dungeon.
             The game lasted 00:06:13 (5875 turns).

Fang the Chopper (Gargoyle Berserker)               Turns: 5875, Time: 00:06:13

Health: -2/49      AC:  8    Str: 22    XL:     8   Next: 46%
Magic:  8/8        EV: 14    Int: 13    God:    Trog [****..]
Gold:   211        SH:  0    Dex: 15    Spells: 7/7 levels left

rFire    x . .     SeeInvis +   a - +1 hand axe
rCold    . . .     Gourm    .   (no shield)
rNeg     + . .     Faith    .   g - +0 robe of the Nexus {+Fly rF- Int+4 Dex+4}
rPois    ∞         Spirit   .   (no helmet)
rElec    +         Reflect  .   (no cloak)
rCorr    .         Harm     .   (no gloves)
MR       .....                  (no boots)
Stlth    ++........             (no amulet)
HPRegen  0.16/turn              d - +2 ring of dexterity
MPRegen  0.11/turn              n - ring of see invisible

@: berserk cooldown, slowed, very slow
A: negative energy resistance 1, electricity resistance, unbreathing,
petrification resistance, rot immunity, AC +5
a: Berserk, Trog's Hand, Brothers in Arms, Renounce Religion, Evoke Flight


You were on level 6 of the Dungeon.
You worshipped Trog.
Trog was greatly pleased with you.
You were not hungry.

You visited 1 branch of the dungeon, and saw 6 of its levels.

You collected 211 gold pieces.

Inventory:

Hand Weapons
 a - a +1 hand axe (weapon)
Armour
 g - the +0 robe of the Nexus (worn) {+Fly rF- Int+4 Dex+4}
   (You found it on level 4 of the Dungeon)

   It affects your intelligence (+4).
   It affects your dexterity (+4).
   It makes you vulnerable to fire.
   It lets you fly.
 q - a +0 scale mail
Jewellery
 d - a +2 ring of dexterity (left hand)
 n - a ring of see invisible (right hand)
Wands
 r - a wand of disintegration (8)
 s - a wand of flame (24)
Scrolls
 e - 2 scrolls of fog
 f - a scroll of identify
 k - a scroll of teleportation
 l - a scroll of remove curse
Potions
 b - a potion of might {unknown}
 h - 2 potions of heal wounds {unknown}
 i - 2 potions of lignification {unknown}
 j - 2 potions of flight
 m - a potion of haste {unknown}
 o - a potion of curing
Comestibles
 c - 8 rations


   Skills:
 + Level 5.2 Fighting
 + Level 6.7 Axes
 + Level 4.5 Armour
 + Level 3.7 Dodging
 + Level 2.3 Stealth


You had 7 spell levels left.
You didn't know any spells.
Your spell library was empty.

Dungeon Overview and Level Annotations

Branches:
Dungeon (6/15)
 Temple: D:4-7

Altars:
Cheibriados
Elyvilon
Hepliaklqana
Kikubaaqudgha
Makhleb
Okawaru
Qazlal
Wu Jian
The Shining One


Innate Abilities, Weirdness & Mutations

You are resistant to torment.
Your stone body is resilient. (AC +5)
You are immune to poison.
You resist negative energy. (rN+)
You are resistant to electric shocks. (rElec)
You can survive without breathing.
You are immune to petrification.
You are immune to rotting.


Message History

The orc wizard blinks!
The jackal bites you. The jackal closely misses you.
You see here 8 curare-tipped needles.
The jackal bites you but does no damage.
The orc barely misses you.
The jackal bites you but does no damage.
The jackal closely misses you.
The jackal bites you but does no damage.
The jackal bites you. x2
The jackal bites you but does no damage.
The orc warrior hits you with a battleaxe!
* * * LOW HITPOINT WARNING * * *
The bullfrog misses you. The jackal misses you.
The bullfrog closely misses you. The jackal barely misses you.
The bullfrog hits you.
* * * LOW HITPOINT WARNING * * *
The orc warrior closely misses you.
The bullfrog hits you but does no damage.
The bullfrog hits you.
You die...

#..$..........##...#.
##.....?..............
#...(.....)#))##.......
#..........>.).........
#........(.)...........
#........h..o..........
#.........oo####..%....
##.......hFo## .#.....
#......##.@.# .......
##...).).## ##. ...
......##.#.## #. ..
.###..[...<....... .. .
...##........... #( ##
#.#.........
#..#.......>.
#.#...####### #. .###


You could see an orc warrior, a bullfrog, an orc wizard, 2 orcs and 2 jackals.

Vanquished Creatures
  A sky beast (D:4)
  A phantom (D:4)
  2 ogres
  A scorpion (D:4)
  A water moccasin skeleton (D:4)
  5 wights (D:6)
  A howler monkey (D:5)
  A vampire bat (D:3)
  A bullfrog zombie (D:5)
  A crimson imp (D:3)
  A hound (D:4)
  A centaur skeleton (D:4)
  4 orc wizards
  3 gnolls (D:5)
  5 adders
  A shadow imp (D:6)
  2 oozes (D:3)
  An adder skeleton (D:4)
  5 worms
  2 dart slugs (D:1)
  9 leopard geckos
  11 orcs
  11 bats
  5 bat skeletons (D:3)
  2 bat zombies (D:3)
  8 giant cockroaches
  7 goblins
  6 hobgoblins
  4 jackals (D:2)
  4 quokkas
  2 ball pythons
  5 frilled lizards
  A jackal skeleton (D:4)
  5 kobolds
  15 rats
135 creatures vanquished.

Notes
Turn   | Place    | Note
-------+----------+-------------------------------------------
     0 | D:1      | Fang the Gargoyle Berserker began the quest for the Orb.
     0 | D:1      | Reached XP level 1. HP: 14/14 MP: 1/1
     0 | D:1      | You fall through a shaft!
    79 | D:2      | Reached XP level 2. HP: 4/19 MP: 2/2
    92 | D:2      | Reached skill level 3 in Axes
   878 | D:2      | Reached XP level 3. HP: 23/23 MP: 3/3
  1273 | D:2      | Reached XP level 4. HP: 29/29 MP: 4/4
  1376 | D:2      | Found a faded altar of an unknown god.
  1936 | D:1      | Reached ** piety under Trog
  2289 | D:1      | Reached skill level 4 in Axes
  2712 | D:3      | Found a burning altar of Makhleb.
  2717 | D:3      | Reached skill level 1 in Stealth
  2717 | D:3      | Reached XP level 5. HP: 33/33 MP: 5/5
  2925 | D:3      | Reached *** piety under Trog
  2925 | D:3      | Reached XP level 6. HP: 38/38 MP: 6/6
  3141 | D:3      | You fall through a shaft for 2 floors!
  3141 | D:5      | Entered Level 5 of the Dungeon
  3507 | D:5      | Found a hazy altar of Hepliaklqana.
  3529 | D:5      | Found a stormy altar of Qazlal.
  3651 | D:5      | Reached skill level 5 in Axes
  4232 | D:4      | Found a faded altar of an unknown god.
  4235 | D:4      | Found a faded altar of an unknown god.
  4237 | D:4      | Found a white marble altar of Elyvilon.
  4239 | D:4      | Found a snail-covered altar of Cheibriados.
  4242 | D:4      | Found an ornate altar of the Wu Jian Council.
  4294 | D:4      | Reached XP level 7. HP: 35/44 MP: 7/7
  4415 | D:4      | HP: 1/66 [ogre/giant club (12)]
  4712 | D:4      | Found an iron altar of Okawaru.
  4993 | D:4      | Reached skill level 6 in Axes
  5149 | D:4      | Found a glowing golden altar of the Shining One.
  5279 | D:3      | Reached skill level 5 in Fighting
  5303 | D:3      | Found an ancient bone altar of Kikubaaqudgha.
  5316 | D:3      | Reached XP level 8. HP: 49/49 MP: 8/8
  5579 | D:4      | Got a twisted robe
  5590 | D:4      | Identified the +0 robe of the Nexus {+Fly rF- Int+4 Dex+4}
                  | (You found it on level 4 of the Dungeon)
  5850 | D:6      | Reached **** piety under Trog
  5874 | D:6      | HP: 1/49 [bullfrog (5)]
  5875 | D:6      | Slain by a bullfrog

Skill      XL: |  1  2  3  4  5  6  7  8 |
---------------+-------------------------+-----
Axes           | 3 4 5 6 |  6.7
Dodging        | 2 3 |  3.7
Fighting       | 4 5 |  5.2
Stealth        | 1 2 |  2.3
Armour         | 3 4 |  4.5

Action                   |  1- 3 |  4- 6 |  7- 9 || total
-------------------------+-------+-------+-------++-------
Melee: Hand axe          |    79 |   265 |   155 ||   499
Invok: Berserk           |     4 |     1 |     3 ||     8
  Use: Scroll            |       |     5 |     3 ||     8
 Stab: Sleeping          |     2 |     5 |       ||     7
  Eat: Chunk             |     4 |    11 |     5 ||    20
       Ration            |       |       |     1 ||     1
Armor: Animal skin       |    49 |    48 |       ||    97
       Scale mail        |       |    67 |    79 ||   146
       Robe              |       |       |    17 ||    17
Dodge: Dodged            |    72 |   157 |   110 ||   339
